 Dungeon Crawl Stone Soup version 0.28-a0-381-g937acc2988 (webtiles) character file.

Game seed: 12506594525436157887

185 Archison the Covered (level 5, -1/45 HPs)
             Began as a Minotaur Fighter on Sept 1, 2021.
             Succumbed to an orc priest's poison
             ... on level 4 of the Dungeon.
             The game lasted 00:03:46 (2800 turns).

Archison the Covered (Minotaur Fighter)             Turns: 2800, Time: 00:03:47

Health: -1/45      AC:  7    Str: 22    XL:     5   Next: 37%
Magic:  4/4        EV: 10    Int:  5    God:
Gold:   158        SH:  4    Dex:  9    Spells: 4/4 levels left

rFire   . . .      SeeInvis .   a - +0 trident
rCold   . . .      Faith    .   c - +0 buckler
rNeg    . . .      Spirit   .   b - +0 scale mail
rPois   .          Reflect  .   (helmet restricted)
rElec   .          Harm     .   (no cloak)
rCorr   .          Rampage  .   (no gloves)
Will    +....                   (no boots)
Stlth   ..........              (no amulet)
HPRegen 0.15/turn               g - ring of willpower
MPRegen 0.09/turn               (no ring)

@: lethally poisoned (-1 -> -9)
A: horns 2, retaliatory headbutt
a: no special abilities


You were on level 4 of the Dungeon.
You visited 1 branch of the dungeon, and saw 4 of its levels.

You collected 158 gold pieces.

Inventory:

Hand Weapons
 a - a +0 trident (weapon)
Armour
 b - a +0 scale mail (worn)
 c - a +0 buckler (worn)
Jewellery
 g - a ring of willpower (left hand)
 i - a ring of wizardry
Scrolls
 f - a scroll of fear {unknown}
 h - a scroll of amnesia
 k - a scroll of identify {unknown}
Potions
 d - 2 potions of might
 e - a potion of degeneration {unknown}
 j - a potion of curing
 l - a potion of flight {unknown}


   Skills:
 - Level 3.6 Fighting
 * Level 4.3 Polearms
 * Level 6.2 Armour
 + Level 1.1 Dodging
 - Level 3.6 Shields


You had 4 spell levels left.
You didn't know any spells.
Your spell library contained the following spells:

 Spells                   Type           Power      Damage    Failure   Level
 Animate Dead             Necr           0%         N/A       100%        4
 Haunt                    Necr/Summ      0%         N/A       100%        7
 Infestation              Necr           0%         N/A       100%        8


Dungeon Overview and Level Annotations

Branches:
Dungeon (4/15)
 Temple: D:4-7

Altars:
Fedhas
Okawaru
The Shining One


Innate Abilities, Weirdness & Mutations

You have a pair of horns on your head.
You reflexively headbutt those who attack you in melee.


Message History

The orc priest is moderately wounded.
You feel sick.
You hear a bark!
You hear a shout!
The jackal barely misses you. You furiously retaliate!
You headbutt the jackal!
You kill the jackal!
The orc priest closely misses you. You furiously retaliate!
You headbutt the orc priest.
The orc priest invokes the aid of Beogh against you.
Pain shoots through your body! The orc hits you with a +0 flail.
You hit the orc priest but do no damage.
The orc priest is heavily wounded.
You feel sick. The orc hits you but does no damage.
The orc priest invokes the aid of Beogh against you.
Beogh smites you! The orc priest closely misses you.
You block the orc's attack. The orc hits you but does no damage.
The jackal bites you.
You hear a bark!
It was a potion of curing.
You feel better. The orc hits you but does no damage.
The orc priest mumbles some strange prayers to Beogh against you.
Beogh smites you!
The orc priest hits you with a +2 dagger of venom.
* * * LOW HITPOINT WARNING * * *
You are poisoned.
The jackal bites you.
* * * LOW HITPOINT WARNING * * *
The orc hits you with a +0 flail!
* * * LOW HITPOINT WARNING * * *
The orc hits you with a +0 whip.
* * * LOW HITPOINT WARNING * * *
* * * LOW HITPOINT WARNING * * *
You feel very sick. The orc hits you but does no damage.
The orc priest calls down the wrath of Beogh upon you.
You resist with some effort.
A jackal comes into view.
The jackal closely misses you. You furiously retaliate!
You headbutt the jackal.
You kill the jackal!
You die...

#########
#....?..#
.#.....<.#
.......o@#
##....oo.#
#.....o.#
#....o.†#
#.......h.
#.........#
#.......###
#.......#
####.####


You could see 2 orc priests, 3 orcs and a jackal.

Vanquished Creatures
  Natasha (twice) (D:2)
  An orc wizard (D:3)
  A gnoll (D:1)
  2 adders
  An adder skeleton (D:2)
  A worm (D:3)
  4 dart slugs
  4 orcs (D:3)
  2 endoplasms
  4 giant cockroaches
  7 goblins
  6 hobgoblins
  4 jackals
  4 kobolds
  5 quokkas
  6 ball pythons
  6 bats
  A frilled lizard (D:1)
  5 rats
66 creatures vanquished.

Vanquished Creatures (others)
  2 plants (D:3)
2 creatures vanquished.

Grand Total: 68 creatures vanquished

Notes
Turn   | Place    | Note
-------+----------+-------------------------------------------
     0 | D:1      | Archison the Minotaur Fighter began the quest for the Orb.
     0 | D:1      | Reached XP level 1. HP: 19/19 MP: 0/0
   197 | D:1      | Reached skill level 4 in Armour
   213 | D:1      | Reached XP level 2. HP: 17/26 MP: 1/1
   515 | D:1      | Reached XP level 3. HP: 27/31 MP: 2/2
   625 | D:1      | Found a faded altar of an unknown god.
  1174 | D:2      | Noticed Natasha
  1179 | D:2      | Killed Natasha
  1180 | D:2      | Reached skill level 5 in Armour
  1188 | D:2      | Reached XP level 4. HP: 29/39 MP: 3/3
  1331 | D:2      | Noticed Natasha
  1348 | D:2      | Killed Natasha
  1765 | D:2      | Found a glowing golden altar of the Shining One.
  1960 | D:3      | Reached skill level 6 in Armour
  1960 | D:3      | Reached XP level 5. HP: 35/45 MP: 4/4
  1962 | D:3      | Reached skill level 1 in Dodging
  2110 | D:3      | Found a glowing golden altar of the Shining One.
  2132 | D:3      | Found an iron altar of Okawaru.
  2221 | D:3      | Found a blossoming altar of Fedhas.
  2799 | D:4      | HP: 1/45 [poisoned by an orc priest]
  2800 | D:4      | Succumbed to an orc priest's poison

Illustrated notes

Levels and vault maps discovered:
D:1:      scummos_arrival_simple_crosswalls, layout_basic,
          ebering_ecumenical_altar_sacrificial
D:2:      layout_basic, basic_altar, minmay_tromino_v2, uniq_natasha
D:3:      layout_basic, mainiacjoe_overflow_catwalk, general_overflow_altar,
          mainiacjoe_overflow_chevrons
D:4:      layout_rooms, tgw_trog, minmay_temple_entry_statues_fountains,
          serial_shops, shop

Skill      XL: |  1  2  3  4  5 |
---------------+----------------+-----
Armour         | 4 5 6 |  6.2
Polearms       | 3 4 |  4.3
Dodging        | 1 |  1.1
Fighting       | |  3.6
Shields        | |  3.6

Action                   |  1- 3 |  4- 6 || total
-------------------------+-------+-------++-------
Melee: Trident           |    55 |    72 ||   127
       Headbutt          |     7 |     8 ||    15
  Use: Scroll            |       |     1 ||     1
       Potion            |       |     1 ||     1
Armor: Scale mail        |    50 |    54 ||   104
Dodge: Dodged            |    47 |    59 ||   106
Block: Buckler           |    28 |    30 ||    58

Table legend: (Time is in decaauts)
 A = Elapsed time spent in this place.
 B = Non-inter-level travel time spent in this place.
 C = Inter-level travel time spent in this place.
 D = Time resting spent in this place.
 E = Time spent auto-exploring this place.
 F = Levels seen in this place.
 G = Mean time per level.
                   A        B        C        D        E       F      G
               +--------+--------+--------+--------+--------+-----+--------+
         Total |   2823 |   2733 |     90 |    433 |   1814 |   4 |  705.8 |
       Dungeon |   2823 |   2733 |     90 |    433 |   1814 |   4 |  705.8 |
               +--------+--------+--------+--------+--------+-----+--------+

Top non-repeatable levels by time:
     D:1: 1181 daAuts
     D:3: 851 daAuts
     D:2: 780 daAuts
     D:4: 10 daAuts
